 Dungeon Crawl Stone Soup version 0.31-a0-496-g6f97920a28 (webtiles) character file.

Game seed: 12229580476701929135

174 ytrimaz the Ruffian (level 5, -1/55 HPs)
             Began as a Demonspawn Shapeshifter on Aug 8, 2023.
             Slain by Menkaure (16 damage)
             ... on level 4 of the Dungeon.
             The game lasted 00:02:49 (2630 turns).

ytrimaz the Ruffian (Demonspawn Shapeshifter)       Turns: 2630, Time: 00:02:49

Health: -1/55      AC: 22    Str: 18    XL:     5   Next: 28%
Magic:  5/5        EV:  2    Int:  9    God:
Gold:   90         SH:  0    Dex: 13    Spells: 4/4 levels left

rFire   . .          .
                       - Unarmed
rCold   + . .        (no shield)
rNeg    . . .        a - melded +0 animal skin
rPois   +            (helmet currently unavailable)
rElec   .            (cloak currently unavailable)
rCorr   .            (gloves currently unavailable)
SInv    .            (boots currently unavailable)
Will    .....        (no amulet)
Stlth   +            h - ring of protection from cold
HPRegen 0.29/turn    (no ring)
MPRegen 0.09/turn

%: no passive effects
@: tree-form
A: stationary, stasis, torment immunity, boosted hp, (horns 1), foul stench 1,
(sharp scales 1)
a: no special abilities


You were on level 4 of the Dungeon.
You were a tree.
You visited 1 branch of the dungeon, and saw 4 of its levels.

You collected 90 gold pieces.


Innate Abilities, Weirdness & Mutations

You are a tree.
Your roots penetrate the ground, keeping you stationary.
You cannot be teleported.
You are immune to unholy pain and torment.
Your maximum health is greatly increased.
Your equipment is partially melded.
((You have a pair of small horns on your head.))
You may rarely emit foul miasma when damaged in melee.
((You are partially covered in razor-sharp scales. (AC +1, Slay +1)))


   Skills:
 - Level 1.0 Fighting
 - Level 1.7 Dodging
 * Level 4.7 Unarmed Combat
 + Level 3.5 Shapeshifting


You had 4 spell levels left.
You didn't know any spells.
Your spell library was empty.

Inventory:

Armour
 a - a +0 animal skin (melded)
Jewellery
 h - a ring of protection from cold (left branch)
   (You found it on level 2 of the Dungeon)
Talismans
 c - a beast talisman
 d - a flux talisman
Scrolls
 e - 2 scrolls of teleportation {unknown}
 f - 5 scrolls of identify {unknown}
 i - a scroll of amnesia {unknown}
 j - a scroll of vulnerability {unknown}
 k - a scroll of noise {unknown}
Potions
 b - a potion of lignification
 g - a potion of heal wounds {unknown}
 l - a potion of degeneration {unknown}
 m - a potion of curing {unknown}

Dungeon Overview and Level Annotations

Branches:
Dungeon (4/15) Zot: 21352
 Temple: D:4-7

Altars:
Uskayaw

Annotations:
D:4 Menkaure

###........<+....
......#(.........##....
................##....
.............†.##.... ..
....................
#..##..#................
#.....................#
#...PM...####.........#
#♣.P+ #........## .. #...#
#....#..### .... #..##
#.####..### .....####..+
#.........# ...........#
#.......... ...........#
#...#......
.....####..#####...+......
...# #...)..#..##...... ..
#...#..#..##......


You could see Menkaure (fast).


Message History

Key pressed, stopping explore.
A ball python comes into view. 😮 HP[+17]
You regained 17 hp, and now have 23/37 hp.
A ball python is nearby!
A ball python is nearby!
A ball python is nearby!
You are too injured to fight recklessly! 😮 HP[+1]
The ball python hisses angrily.
You are too injured to fight recklessly!
The ball python barely misses you. x2
You are too injured to fight recklessly!
The ball python bites you but does no damage.
The ball python grabs you. The ball python constricts you.
You are too injured to fight recklessly!
You are too injured to fight recklessly!
You punch the ball python!
You kill the ball python! 😮 HP[+1]
You are too injured to fight recklessly!
Unknown command.
You open the door.
A hobgoblin comes into view. 😎 HP[+12]
Your hp is fully restored (37).
A hobgoblin is nearby!
A hobgoblin is nearby!
A hobgoblin is nearby!
There is an open door here.
The hobgoblin shouts!
The hobgoblin hits you. 😕 HP[-1]
You take 1 damage, and now have 36/37 hp.
You punch the hobgoblin!
You kill the hobgoblin! 😎 HP[+1]
Your hp is fully restored (37).
No target in view!
There is an open door here.
You open the door. 2 goblins come into view.
The goblin shouts!
There are monsters nearby!
There are monsters nearby!
There are monsters nearby!
You hit the goblin.
You kill the goblin!
You closely miss the goblin. You headbutt the goblin.
You kill the goblin!
No target in view!
There is an open door here.
Items here: )) ††.
No target in view!
There is an open door here.
Items here: )) ††.
Menkaure, Prince of Dust comes into view.
Okay, then.
Menkaure points at you and mumbles some strange words.
Pain shoots through your body! 😕 HP[-3]
You take 3 damage, and now have 34/37 hp.
Okay, then.
Menkaure casts a spell at you. Pain shoots through your body! 😮 HP[-9]
You take 9 damage, and now have 25/37 hp.
MASSIVE DAMAGE!! (PAUSE) Unknown command.
Menkaure hits you but does no damage. 😮 HP[+1]
Your transformation has ended.
You turn into a tree.
Your +0 animal skin melds into your body.
Your roots penetrate the ground.
Menkaure hits you but does no damage. 😮 HP[+13]
You now have 55 max hp (+18).
You regained 13 hp, and now have 39/55 hp.
Unknown command.
You barely miss Menkaure.
Unknown command.
You hit Menkaure but do no damage.
Menkaure mumbles some strange words.
Menkaure seems to speed up.
You hit Menkaure. Menkaure hits you.
Unknown command.
You barely miss Menkaure. Menkaure hits you! 😮 HP[-10]
You take 10 damage, and now have 29/55 hp.
You hit Menkaure but do no damage. You punch Menkaure. Menkaure hits you!
* * * LOW HITPOINT WARNING * * *
Menkaure hits you.
* * * LOW HITPOINT WARNING * * *
😨 HP[-15]
You take 15 damage, and now have 14/55 hp.
MASSIVE DAMAGE!! (PAUSE)
You smack Menkaure!
You punch Menkaure. Menkaure hits you but does no damage.
You hit Menkaure but do no damage. Menkaure hits you!
You die...

Skill      XL: |  1  2  3 |
---------------+----------+-----
Unarmed Combat | 3 4 |  4.7
Shapeshifting  | 3 |  3.5
Fighting       | |  1.0
Dodging        | |  1.7

Action                     |  1- 3 |  4- 6 || total
---------------------------+-------+-------++-------
  Melee: Unarmed           |   104 |    44 ||   148
         Punch             |     4 |     3 ||     7
         Headbutt          |       |     4 ||     4
    Use: Potion            |       |     1 ||     1
   Stab: Sleeping          |     3 |       ||     3
 Armour: Animal skin       |    22 |     6 ||    28
         Skin              |       |     2 ||     2
  Dodge: Dodged            |    73 |    18 ||    91

Levels and vault maps discovered:
D:1:      dpeg_arrival_more_subterranean_lakeside_camping, layout_basic
D:2:      layout_rooms, dreamdust_ecumenical_altar_grove,
          chequers_serial_rivers_room_b
D:3:      layout_loops_ring, nicolae_uskayaw_en_pointe, kennysheep_boxes
D:4:      corexii_shack_village, layout_basic, uniq_menkaure, uniq_blork_the_orc

Notes
Turn   | Place    | Note
-------+----------+-------------------------------------------
     0 | D:1      | ytrimaz the Demonspawn Shapeshifter began the quest for the
                  | Orb.
     0 | D:1      | Reached XP level 1. HP: 15/15 MP: 1/1
     0 | D:1      | magus.rc [v1.9.6]
   133 | D:1      | Reached skill level 3 in Unarmed Combat
   187 | D:1      | Gained mutation: You may rarely emit foul miasma when
                  | damaged in melee. [demonic ancestry]
   187 | D:1      | Reached XP level 2. HP: 16/21 MP: 2/2
   643 | D:1      | Reached skill level 3 in Shapeshifting
  1123 | D:2      | Reached XP level 3. HP: 26/26 MP: 3/3
  1186 | D:2      | Found a faded altar of an unknown god.
  1220 | D:2      | HP: 5/26 [kobold/+0 whip (4)]
  1895 | D:3      | Noticed a +0 falchion
  1896 | D:3      | Noticed a +0 dagger
  1896 | D:3      | Noticed a +0 spear
  1897 | D:3      | Noticed a +0 spear
  1898 | D:3      | Noticed a +0 short sword
  1898 | D:3      | Noticed a +0 short sword
  1899 | D:3      | Noticed a +0 falchion
  1899 | D:3      | Noticed a +0 dagger
  1901 | D:3      | Found a hide-covered altar of Uskayaw.
  1914 | D:3      | Reached skill level 4 in Unarmed Combat
  1914 | D:3      | Gained mutation: You are partially covered in razor-sharp
                  | scales. (AC +1, Slay +1) [demonic ancestry]
  1914 | D:3      | Reached XP level 4. HP: 20/32 MP: 4/4
  1919 | D:3      | HP: 8/32 [orc/+0 hand axe (1)]
  2336 | D:4      | Noticed a scorpion
  2349 | D:4      | Killed a scorpion
  2350 | D:4      | Gained mutation: You have a pair of small horns on your
                  | head. [demonic ancestry]
  2350 | D:4      | Reached XP level 5. HP: 21/37 MP: 5/5
  2464 | D:4      | HP: 6/37 [iguana (8)]
  2614 | D:4      | Noticed Menkaure
  2630 | D:4      | Slain by Menkaure

Vanquished Creatures
  A scorpion (D:4)
  An iguana (D:4)
  3 adders
  A dart slug (D:3)
  6 orcs (D:3)
  6 ball pythons
  4 bats
  6 endoplasms
  A giant cockroach (D:1)
  5 hobgoblins
  6 jackals (D:1)
  2 kobolds
  7 goblins
  3 rats
52 creatures vanquished.

Table legend:
 A = Non-vault XP
 B = Vault XP
 C = Vault XP percentage of total XP
 D = Non-vault monster count
 E = Vault monster count
 F = Vault count percentage of total count
                 A         B        C        D         E       F
            +---------+---------+-------+---------+---------+-------
      Total |     244 |       5 |   2.0 |      49 |       3 |   5.8
            +---------+---------+-------+---------+---------+-------
        D:1 |      38 |       0 |   0.0 |      21 |       0 |   0.0
        D:2 |      35 |       0 |   0.0 |       7 |       0 |   0.0
        D:3 |      47 |       0 |   0.0 |      16 |       0 |   0.0
        D:4 |     124 |       5 |   3.9 |       5 |       3 |  37.5
            +---------+---------+-------+---------+---------+-------

Skill      XL: |  1  2  3 |
---------------+----------+-----
Unarmed Combat | 3 4 |  4.7
Shapeshifting  | 3 |  3.5
Fighting       | |  1.0
Dodging        | |  1.7

Action                     |  1- 3 |  4- 6 || total
---------------------------+-------+-------++-------
  Melee: Unarmed           |   104 |    44 ||   148
         Punch             |     4 |     3 ||     7
         Headbutt          |       |     4 ||     4
    Use: Potion            |       |     1 ||     1
   Stab: Sleeping          |     3 |       ||     3
 Armour: Animal skin       |    22 |     6 ||    28
         Skin              |       |     2 ||     2
  Dodge: Dodged            |    73 |    18 ||    91

Illustrated notes

Table legend:
 A = Kills in this place as a percentage of kills in the entire game.
 B = Kills by you in this place as a percentage of kills by you in the entire game.
 C = Kills by friends in this place as a percentage of kills by friends in the entire game.
 D = Other kills in this place as a percentage of other kills in the entire game.
 E = Experience gained in this place as a percentage of experience gained in the entire game.
 F = Experience gained in this place divided by the number of levels of this place that you have seen.
                   A       B       C       D       E      F
               +-------+-------+-------+-------+-------+----------------------
         Total | 100.0 | 100.0 |   N/A |   N/A | 100.0 |  62.2
       Dungeon | 100.0 | 100.0 |   N/A |   N/A | 100.0 |  62.2
               +-------+-------+-------+-------+-------+----------------------

Table legend: (Time is in decaauts)
 A = Elapsed time spent in this place.
 B = Non-inter-level travel time spent in this place.
 C = Inter-level travel time spent in this place.
 D = Time resting spent in this place.
 E = Time spent auto-exploring this place.
 F = Levels seen in this place.
 G = Mean time per level.
                   A        B        C        D        E       F      G
               +--------+--------+--------+--------+--------+-----+--------+
         Total |   2646 |   2565 |     81 |      0 |   2157 |   4 |  661.5 |
       Dungeon |   2646 |   2565 |     81 |      0 |   2157 |   4 |  661.5 |
               +--------+--------+--------+--------+--------+-----+--------+

Top non-repeatable levels by time:
     D:1: 1069 daAuts
     D:3: 809 daAuts
     D:2: 475 daAuts
     D:4: 291 daAuts
